TOP OF THE 1ST |
Arkansas Travelers batting - Pitching for Portland Sea Dogs : RHP Chris Cory
|
Pitching: RHP Chris Cory
|
|
Batting: RHB Jose Ramirez
|
0-0: Ball 1-0: SINGLE (Line Drive, 6MD, EV 98.8 MPH)
|
Batting: LHB Griffin Ferris
|
0-0: Ball 1-0: Foul Ball, location: 2F 1-1: SINGLE (Flyball, 8LS, EV 89.4 MPH) Jose Ramirez to second
|
Batting: LHB Mark Reeg
|
0-0: Foul Ball, location: 2F 0-1: Ball 1-1: Ball 2-1: Fielders Choice at 2nd, 3-6 (Groundball, 34, EV 90.0 MPH) Jose Ramirez to third
|
Batting: SHB Mario Padron
|
0-0: Ball 1-0: Fielders Choice at 2nd, 2-4 (Groundball, 2L, EV 66.2 MPH)
|
Batting: LHB Justin Balthazor
|
0-0: Called Strike 0-1: Foul Ball, location: 2F 0-2: Foul Ball, location: 2F 0-2: Ball 1-2: Foul Ball, location: 2F 1-2: Foul Ball, location: 2F 1-2: 3-RUN HOME RUN (Flyball, 9D, EV 95.0 MPH), Distance : 371 ft
|
Batting: RHB Timoleon Tsikouna
|
0-0: Called Strike 0-1: Ball 1-1: Ball 2-1: DOUBLE (Flyball, 89XD, EV 110.0 MPH)
|
Batting: RHB Juan Rosa
|
0-0: Ball 1-0: Ball 2-0: Foul Ball, location: 2F 2-1: Ball 3-1: Swinging Strike 3-2: Foul Ball, location: 2F 3-2: Strikes out swinging
|
Top of the 1st over - 3 runs, 4 hits, 0 errors, 1 left on base; Arkansas 3 - Portland 0 |
BOTTOM OF THE 1ST |
Portland Sea Dogs batting - Pitching for Arkansas Travelers : RHP John Palumbo
|
Pitching: RHP John Palumbo
|
|
Batting: LHB Dave Reyes
|
0-0: Called Strike 0-1: Ball 1-1: Bunt missed! 1-2: Foul Ball, location: 2F 1-2: Ball 2-2: Foul Ball, location: 2F 2-2: Strikes out swinging
|
Batting: LHB Sergio Tinoco
|
0-0: Called Strike 0-1: Foul Ball, location: 2F 0-2: Ball 1-2: Foul Ball, location: 2F 1-2: Foul Ball, location: 2F 1-2: Fly out, F8 (Line Drive, 8RD, EV 86.2 MPH)
|
Batting: RHB Ernie Genier
|
0-0: Foul Ball, location: 2F 0-1: Ground out 5-3 (Groundball, 56S, EV 83.1 MPH)
|
Bottom of the 1st over - 0 runs, 0 hits, 0 errors, 0 left on base; Arkansas 3 - Portland 0 |
TOP OF THE 2ND |
Arkansas Travelers batting - Pitching for Portland Sea Dogs : RHP Chris Cory
|
Batting: RHB Danny Bjarnson
|
0-0: Ball 1-0: Ball 2-0: Called Strike 2-1: DOUBLE (Line Drive, 8RXD, EV 103.8 MPH)
|
Batting: LHB Larry Prey
|
0-0: Ball 1-0: Swinging Strike 1-1: Ball 2-1: Foul Ball, location: 2F 2-2: Strikes out swinging
|
Batting: RHB Jose Ramirez
|
0-0: Called Strike 0-1: Ground out 4-3 (Groundball, 4, EV 86.9 MPH) Danny Bjarnson to third
|
Batting: LHB Griffin Ferris
|
0-0: Fly out, F8 (Flyball, 8LM, EV 92.5 MPH)
|
Top of the 2nd over - 0 runs, 1 hit, 0 errors, 1 left on base; Arkansas 3 - Portland 0 |
BOTTOM OF THE 2ND |
Portland Sea Dogs batting - Pitching for Arkansas Travelers : RHP John Palumbo
|
Batting: LHB David Moore
|
0-0: Swinging Strike 0-1: Swinging Strike 0-2: Ball 1-2: Strikes out looking
|
Batting: RHB Travis Campbell
|
0-0: Ball 1-0: Swinging Strike 1-1: Ground out 5-3 (Groundball, 56, EV 105.6 MPH)
|
Batting: RHB Miguel Villanueva
|
0-0: Foul Ball, location: 2F 0-1: Swinging Strike 0-2: Ball 1-2: Fly out, F8 (Flyball, 8LM, EV 98.1 MPH)
|
Bottom of the 2nd over - 0 runs, 0 hits, 0 errors, 0 left on base; Arkansas 3 - Portland 0 |
TOP OF THE 3RD |
Arkansas Travelers batting - Pitching for Portland Sea Dogs : RHP Chris Cory
|
Batting: LHB Mark Reeg
|
0-0: Ball 1-0: Called Strike 1-1: Fly out, F9 (Flyball, 9, EV 85.0 MPH)
|
Batting: SHB Mario Padron
|
0-0: Ground out 5-3 (Groundball, 5, EV 81.2 MPH)
|
Batting: LHB Justin Balthazor
|
0-0: Called Strike 0-1: Ground out 4-3 (Groundball, 4, EV 104.4 MPH)
|
Top of the 3rd over - 0 runs, 0 hits, 0 errors, 0 left on base; Arkansas 3 - Portland 0 |
BOTTOM OF THE 3RD |
Portland Sea Dogs batting - Pitching for Arkansas Travelers : RHP John Palumbo
|
Batting: RHB Frank Sokolosky
|
0-0: Ground out 5-3 (Groundball, 56, EV 88.8 MPH)
|
Batting: RHB Josh Helman
|
0-0: Foul Ball, location: 2F 0-1: Ball 1-1: Called Strike 1-2: Fly out, F7 (Flyball, 7LDF, EV 93.8 MPH)
|
Batting: SHB Gus Cruz
|
0-0: Called Strike 0-1: Ball 1-1: Called Strike 1-2: Ball 2-2: Fly out, F8 (Flyball, 89D, EV 100.6 MPH)
|
Bottom of the 3rd over - 0 runs, 0 hits, 0 errors, 0 left on base; Arkansas 3 - Portland 0 |
TOP OF THE 4TH |
Arkansas Travelers batting - Pitching for Portland Sea Dogs : RHP Chris Cory
|
Batting: RHB Timoleon Tsikouna
|
0-0: Foul Ball, location: 2F 0-1: Ball 1-1: Ball 2-1: Foul Ball, location: 2F 2-2: Foul Ball, location: 2F 2-2: Strikes out swinging
|
Batting: RHB Juan Rosa
|
0-0: Ball 1-0: Ball 2-0: Ball 3-0: Base on Balls
|
Batting: RHB Danny Bjarnson
|
0-0: Called Strike 0-1: Swinging Strike 0-2: Ball 1-2: Strikes out swinging
|
Batting: LHB Larry Prey
|
0-0: Ball 1-0: SINGLE (Line Drive, 5D, EV 108.1 MPH) Juan Rosa to second
|
Batting: RHB Jose Ramirez
|
0-0: Ball 1-0: Foul Ball, location: 2F 1-1: Ball 2-1: Ball 3-1: Fielders Choice at 2nd, 6-4 (Groundball, 6, EV 101.2 MPH)
|
Top of the 4th over - 0 runs, 1 hit, 0 errors, 2 left on base; Arkansas 3 - Portland 0 |
BOTTOM OF THE 4TH |
Portland Sea Dogs batting - Pitching for Arkansas Travelers : RHP John Palumbo
|
Batting: LHB Dave Reyes
|
0-0: Ground out 4-3 (Groundball, 4, EV 85.6 MPH)
|
Batting: LHB Sergio Tinoco
|
0-0: Ball 1-0: Swinging Strike 1-1: Ground out 4-3 (Groundball, 4, EV 102.5 MPH)
|
Batting: RHB Ernie Genier
|
0-0: Swinging Strike 0-1: Ball 1-1: Ball 2-1: Foul Ball, location: 2F 2-2: Foul Ball, location: 2F 2-2: Foul Ball, location: 2F 2-2: Strikes out looking
|
Bottom of the 4th over - 0 runs, 0 hits, 0 errors, 0 left on base; Arkansas 3 - Portland 0 |
TOP OF THE 5TH |
Arkansas Travelers batting - Pitching for Portland Sea Dogs : RHP Chris Cory
|
Batting: LHB Griffin Ferris
|
0-0: Foul Ball, location: 2F 0-1: Ground out 5-3 (Groundball, 56S, EV 79.4 MPH)
|
Batting: LHB Mark Reeg
|
0-0: Ball 1-0: Ball 2-0: Called Strike 2-1: Ball 3-1: Foul Ball, location: 2F 3-2: Foul Ball, location: 2F 3-2: SINGLE (Line Drive, 8RS, EV 95.0 MPH)
|
Batting: SHB Mario Padron
|
0-0: Called Strike 0-1: Ball Mark Reeg is caught stealing 2nd base 2-6 1-1: Foul Ball, location: 2F 1-2: Strikes out swinging
|
Top of the 5th over - 0 runs, 1 hit, 0 errors, 0 left on base; Arkansas 3 - Portland 0 |
BOTTOM OF THE 5TH |
Portland Sea Dogs batting - Pitching for Arkansas Travelers : RHP John Palumbo
|
Batting: LHB David Moore
|
0-0: Ball 1-0: Ball 2-0: Ground out 4-3 (Groundball, 4, EV 88.1 MPH)
|
Batting: RHB Travis Campbell
|
0-0: Ball 1-0: Foul Ball, location: 2F 1-1: Ball 2-1: SINGLE (Groundball, 6MD, EV 105.0 MPH)
|
Batting: RHB Miguel Villanueva
|
0-0: Ball 1-0: TRIPLE (Line Drive, 89XD, EV 110.6 MPH) Travis Campbell scores
|
Batting: RHB Frank Sokolosky
|
0-0: Called Strike 0-1: Foul Ball, location: 2F 0-2: Ball 1-2: Ground out 6-3 (Groundball, 6, EV 101.9 MPH) Miguel Villanueva scores
|
Batting: RHB Josh Helman
|
0-0: Ball 1-0: Called Strike 1-1: Foul Ball, location: 2F 1-2: Ball 2-2: Ball 3-2: Ground out 6-3 (Groundball, 6, EV 91.2 MPH)
|
Bottom of the 5th over - 2 runs, 2 hits, 0 errors, 0 left on base; Arkansas 3 - Portland 2 |
TOP OF THE 6TH |
Arkansas Travelers batting - Pitching for Portland Sea Dogs : RHP Chris Cory
|
Batting: LHB Justin Balthazor
|
0-0: Called Strike 0-1: Ball 1-1: Called Strike 1-2: Ball 2-2: Ball 3-2: Strikes out swinging
|
Batting: RHB Timoleon Tsikouna
|
0-0: Called Strike 0-1: Foul Ball, location: 2F 0-2: Ball 1-2: Ball 2-2: Strikes out swinging
|
Batting: RHB Juan Rosa
|
0-0: Ball 1-0: Called Strike 1-1: Ball 2-1: Called Strike 2-2: Foul Ball, location: 2F 2-2: Ball 3-2: Strikes out looking
|
Top of the 6th over - 0 runs, 0 hits, 0 errors, 0 left on base; Arkansas 3 - Portland 2 |
BOTTOM OF THE 6TH |
Portland Sea Dogs batting - Pitching for Arkansas Travelers : RHP John Palumbo
|
Batting: SHB Gus Cruz
|
0-0: Ball 1-0: Ground out 3-1 (Groundball, 34S, EV 88.8 MPH)
|
Batting: LHB Dave Reyes
|
0-0: Called Strike 0-1: Foul Ball, location: 2F 0-2: Ball 1-2: Ball 2-2: Reached on error, E6 (Groundball, 6, EV 78.8 MPH)
|
Batting: LHB Sergio Tinoco
|
0-0: Called Strike Dave Reyes steals 2nd base 0-1: Ball 1-1: Called Strike 1-2: Fly out, F4 (Popup, 34D, EV 55.0 MPH)
|
Batting: RHB Ernie Genier
|
0-0: Fly out, F8 (Line Drive, 8RD, EV 88.1 MPH)
|
Bottom of the 6th over - 0 runs, 0 hits, 1 error, 1 left on base; Arkansas 3 - Portland 2 |
TOP OF THE 7TH |
Arkansas Travelers batting - Pitching for Portland Sea Dogs : RHP Chris Cory
|
Pitching: LHP Kevin Turner
|
|
Batting: RHB Danny Bjarnson
|
0-0: Fly out, F4 (Line Drive, 4, EV 76.2 MPH)
|
Batting: LHB Larry Prey
|
0-0: Called Strike 0-1: Ball 1-1: Ball 2-1: Ball 3-1: Foul Ball, location: 2F 3-2: SINGLE (Groundball, 5S, EV 66.9 MPH) (infield hit)
|
Batting: RHB Jose Ramirez
|
0-0: Ball 1-0: Ball 2-0: Ball 3-0: Called Strike 3-1: Base on Balls Larry Prey to second
|
Batting: LHB Griffin Ferris
|
0-0: Called Strike 0-1: Ball 1-1: Hit by Pitch Larry Prey to third Jose Ramirez to second
|
Batting: LHB Mark Reeg
|
0-0: Foul Ball, location: 2F 0-1: Ball 1-1: Swinging Strike 1-2: Strikes out swinging
|
Batting: SHB Mario Padron
|
0-0: Called Strike 0-1: Swinging Strike 0-2: Ground out 1-3 (Groundball, 23, EV 68.8 MPH)
|
Top of the 7th over - 0 runs, 1 hit, 0 errors, 3 left on base; Arkansas 3 - Portland 2 |
BOTTOM OF THE 7TH |
Portland Sea Dogs batting - Pitching for Arkansas Travelers : RHP John Palumbo
|
Batting: LHB David Moore
|
0-0: Called Strike 0-1: Called Strike 0-2: Ball 1-2: Ball 2-2: Foul Ball, location: 2F 2-2: Ball 3-2: Fly out, F7 (Flyball, 7D, EV 100.0 MPH)
|
Batting: RHB Travis Campbell
|
0-0: Called Strike 0-1: Foul Ball, location: 2F 0-2: Strikes out swinging
|
Batting: RHB Miguel Villanueva
|
0-0: Called Strike 0-1: Swinging Strike 0-2: Ball 1-2: Strikes out swinging
|
Bottom of the 7th over - 0 runs, 0 hits, 0 errors, 0 left on base; Arkansas 3 - Portland 2 |
TOP OF THE 8TH |
Arkansas Travelers batting - Pitching for Portland Sea Dogs : LHP Kevin Turner
|
Batting: LHB Justin Balthazor
|
0-0: Ball 1-0: Foul Ball, location: 2F 1-1: Ball 2-1: Called Strike 2-2: Strikes out swinging
|
Batting: RHB Timoleon Tsikouna
|
0-0: Foul Ball, location: 2F 0-1: Foul Ball, location: 2F 0-2: Fly out, F9 (Flyball, 9LD, EV 101.2 MPH)
|
Batting: RHB Juan Rosa
|
0-0: Ball 1-0: Ball 2-0: Called Strike 2-1: Foul Ball, location: 2F 2-2: Strikes out swinging
|
Top of the 8th over - 0 runs, 0 hits, 0 errors, 0 left on base; Arkansas 3 - Portland 2 |
BOTTOM OF THE 8TH |
Portland Sea Dogs batting - Pitching for Arkansas Travelers : RHP John Palumbo
|
Batting: RHB Frank Sokolosky
|
0-0: Ball 1-0: DOUBLE (Line Drive, 3D, EV 93.8 MPH)
|
Batting: RHB Josh Helman
|
0-0: Ball 1-0: Ground out 6-3 (Groundball, 6, EV 83.1 MPH) Frank Sokolosky to third
|
Batting: SHB Gus Cruz
|
0-0: Ball 1-0: SINGLE (Groundball, 4D, EV 106.9 MPH) Frank Sokolosky scores
|
Batting: LHB Dave Reyes
|
0-0: Called Strike 0-1: Ball 1-1: Ball 2-1: Ball 3-1: Base on Balls Gus Cruz to second
|
Pitching: LHP Jose Rivera
|
|
Pinch Hitting: RHB Mike Batko
|
0-0: Foul Ball, location: 2F 0-1: Ball 1-1: Ball 2-1: Swinging Strike 2-2: Grounds into double play, 1-6-3 (Groundball, 13S, EV 73.8 MPH)
|
Bottom of the 8th over - 1 run, 2 hits, 0 errors, 1 left on base; Arkansas 3 - Portland 3 |
TOP OF THE 9TH |
Arkansas Travelers batting - Pitching for Portland Sea Dogs : LHP Kevin Turner
|
Pitching: RHP Elliot Monroe
|
|
Now in LF: Zi-jing Wang
|
|
Batting: RHB Danny Bjarnson
|
0-0: Ball 1-0: Foul Ball, location: 2F 1-1: Fly out, F8 (Flyball, 8RD, EV 100.6 MPH)
|
Batting: LHB Larry Prey
|
0-0: Called Strike 0-1: Called Strike 0-2: Ball 1-2: Strikes out swinging
|
Batting: RHB Jose Ramirez
|
0-0: Ball 1-0: Called Strike 1-1: Swinging Strike 1-2: Strikes out swinging
|
Top of the 9th over - 0 runs, 0 hits, 0 errors, 0 left on base; Arkansas 3 - Portland 3 |
BOTTOM OF THE 9TH |
Portland Sea Dogs batting - Pitching for Arkansas Travelers : LHP Jose Rivera
|
Pitching: RHP Kody Mason
|
|
Batting: RHB Ernie Genier
|
0-0: Ball 1-0: Ball 2-0: Foul Ball, location: 2F 2-1: Fly out, F5 (Line Drive, 5L, EV 73.8 MPH)
|
Batting: LHB David Moore
|
0-0: Called Strike 0-1: Foul Ball, location: 2F 0-2: Foul Ball, location: 2F 0-2: Ball 1-2: Ground out 4-3 (Groundball, 4, EV 98.8 MPH)
|
Batting: RHB Travis Campbell
|
0-0: DOUBLE (Flyball, 78D, EV 90.6 MPH)
|
Pinch Hitting: LHB Parker Lowe
|
0-0: Foul Ball, location: 2F 0-1: Ball 1-1: Swinging Strike 1-2: Ball 2-2: Ball 3-2: Fly out, F7 (Flyball, 7D, EV 93.8 MPH)
|
Bottom of the 9th over - 0 runs, 1 hit, 0 errors, 1 left on base; Arkansas 3 - Portland 3 |
TOP OF THE 10TH |
Arkansas Travelers batting - Pitching for Portland Sea Dogs : RHP Elliot Monroe
|
Now in RF: Blake Sams
|
|
Batting: LHB Griffin Ferris
|
0-0: Foul Ball, location: 2F 0-1: Ball 1-1: Swinging Strike 1-2: Foul Ball, location: 2F 1-2: SINGLE (Line Drive, 34, EV 94.4 MPH)
|
Batting: LHB Mark Reeg
|
0-0: Ball 1-0: Ball 2-0: Swinging Strike 2-1: Foul Ball, location: 2F 2-2: Foul Ball, location: 2F 2-2: Ball 3-2: Foul Ball, location: 2F 3-2: Strikes out swinging
|
Batting: SHB Mario Padron
|
0-0: Ball 1-0: Called Strike 1-1: Fly out, F5 (Popup, 25, EV 88.8 MPH)
|
Batting: LHB Justin Balthazor
|
0-0: Ball 1-0: Swinging Strike 1-1: Swinging Strike 1-2: Ball 2-2: Foul Ball, location: 2F 2-2: Strikes out swinging
|
Top of the 10th over - 0 runs, 1 hit, 0 errors, 1 left on base; Arkansas 3 - Portland 3 |
BOTTOM OF THE 10TH |
Portland Sea Dogs batting - Pitching for Arkansas Travelers : RHP Kody Mason
|
Batting: RHB Frank Sokolosky
|
0-0: Ball 1-0: Ball 2-0: Called Strike 2-1: Swinging Strike 2-2: Ball 3-2: Strikes out swinging
|
Pitching: LHP Bryan Payne
|
|
Batting: RHB Josh Helman
|
0-0: Ball 1-0: Foul Ball, location: 2F 1-1: Ball 2-1: Ground out 5-3 (Groundball, 5, EV 93.8 MPH)
|
Pinch Hitting: RHB Alex Melendez
|
0-0: Ball 1-0: Swinging Strike 1-1: Ball 2-1: Ball 3-1: Base on Balls
|
Batting: LHB Dave Reyes
|
0-0: Foul Ball, location: 2F 0-1: Reached on error, E5 (Groundball, 5L, EV 87.5 MPH) Alex Melendez to second
|
Batting: RHB Zi-jing Wang
|
0-0: Foul Ball, location: 2F 0-1: Called Strike 0-2: Fielders Choice at 2nd, 6-4 (Groundball, 6, EV 89.4 MPH)
|
Bottom of the 10th over - 0 runs, 0 hits, 1 error, 2 left on base; Arkansas 3 - Portland 3 |
TOP OF THE 11TH |
Arkansas Travelers batting - Pitching for Portland Sea Dogs : RHP Elliot Monroe
|
Pitching: RHP Juan Mejia
|
|
Now at 2B: Larry Brocato
|
|
Now at SS: Frank Sokolosky
|
|
Batting: RHB Timoleon Tsikouna
|
0-0: Ball 1-0: Called Strike 1-1: Foul Ball, location: 2F 1-2: Foul Ball, location: 2F 1-2: Foul Ball, location: 2F 1-2: Ground out 5-3 (Groundball, 5, EV 105.0 MPH)
|
Batting: RHB Juan Rosa
|
0-0: Called Strike 0-1: Ball 1-1: Ball 2-1: Ball 3-1: Called Strike 3-2: Strikes out swinging, 2-3 out at first.
|
Batting: RHB Danny Bjarnson
|
0-0: Ball 1-0: Foul Ball, location: 2F 1-1: Called Strike 1-2: Ball 2-2: Ball 3-2: Foul Ball, location: 2F 3-2: Foul Ball, location: 2F 3-2: Strikes out swinging
|
Top of the 11th over - 0 runs, 0 hits, 0 errors, 0 left on base; Arkansas 3 - Portland 3 |
BOTTOM OF THE 11TH |
Portland Sea Dogs batting - Pitching for Arkansas Travelers : LHP Bryan Payne
|
Pitching: LHP Kyle Worford
|
|
Batting: RHB Ernie Genier
|
0-0: Called Strike 0-1: Ball 1-1: Swinging Strike 1-2: Ball 2-2: Ball 3-2: Fly out, F8 (Flyball, 8LM, EV 73.8 MPH)
|
Batting: RHB Mike Cavagnaro
|
0-0: Ball 1-0: Fly out, F8 (Line Drive, 8RD, EV 88.1 MPH)
|
Batting: RHB Travis Campbell
|
0-0: Ball 1-0: Ball 2-0: Called Strike 2-1: Ball 3-1: Foul Ball, location: 2F 3-2: DOUBLE (Line Drive, 89XD, EV 101.9 MPH)
|
Batting: LHB Blake Sams
|
0-0: Ball 1-0: Swinging Strike 1-1: SINGLE (Groundball, 13S, EV 66.2 MPH) (infield hit) Travis Campbell to third
|
Batting: RHB Frank Sokolosky
|
0-0: Swinging Strike 0-1: Called Strike 0-2: Fly out, F8 (Line Drive, 8RM, EV 105.6 MPH)
|
Bottom of the 11th over - 0 runs, 2 hits, 0 errors, 2 left on base; Arkansas 3 - Portland 3 |
TOP OF THE 12TH |
Arkansas Travelers batting - Pitching for Portland Sea Dogs : RHP Juan Mejia
|
Batting: LHB Larry Prey
|
0-0: Called Strike 0-1: SINGLE (Flyball, 56D, EV 84.4 MPH)
|
Batting: RHB Jose Ramirez
|
0-0: Bunted foul 0-1: Ball 1-1: Ball 2-1: Sac Bunt to 15S - play at first, batter OUT! 1-3 Larry Prey to second
|
Batting: LHB Griffin Ferris
|
0-0: Ball 1-0: Foul Ball, location: 2F 1-1: Ball 2-1: Ball 3-1: SINGLE (Groundball, 5D, EV 104.4 MPH) Larry Prey to third Runner from 3rd tries for Home, SAFE, throw by LF to home
|
Batting: LHB Mark Reeg
|
0-0: Fielders Choice at 2nd, 1-6 (Groundball, P, EV 70.0 MPH)
|
Batting: SHB Mario Padron
|
0-0: Ball 1-0: Called Strike 1-1: Called Strike Mark Reeg steals 2nd base 1-2: SINGLE (Groundball, 34, EV 95.0 MPH) Mark Reeg to third Runner from 3rd tries for Home, SAFE, throw by RF to home
|
Pitching: LHP Jon Convery
|
|
Pinch Hitting: RHB Juan Montez
|
0-0: Foul Ball, location: 2F 0-1: Swinging Strike 0-2: Ball Mario Padron steals 2nd base 1-2: Foul Ball, location: 2F 1-2: Strikes out swinging
|
Top of the 12th over - 2 runs, 3 hits, 0 errors, 1 left on base; Arkansas 5 - Portland 3 |
BOTTOM OF THE 12TH |
Portland Sea Dogs batting - Pitching for Arkansas Travelers : LHP Kyle Worford
|
Pitching: LHP Matt Huston
|
|
Now at 1B: Ryuji Ito
|
|
Batting: RHB Josh Helman
|
0-0: Called Strike 0-1: Ball 1-1: Ball 2-1: Ground out 6-3 (Groundball, 56, EV 81.9 MPH)
|
Batting: RHB Larry Brocato
|
0-0: Ball 1-0: Ball 2-0: Ball 3-0: Base on Balls
|
Batting: LHB Dave Reyes
|
0-0: Called Strike 0-1: SINGLE (Line Drive, 8LS, EV 110.0 MPH) Larry Brocato to second
|
Batting: RHB Zi-jing Wang
|
0-0: Ball 1-0: Called Strike 1-1: Ball 2-1: Ball 3-1: Foul Ball, location: 2F 3-2: Foul Ball, location: 2F 3-2: Base on Balls Larry Brocato to third Dave Reyes to second
|
Batting: RHB Ernie Genier
|
0-0: Called Strike 0-1: Ball 1-1: Ball 2-1: Ball Wild Pitch! Larry Brocato scores Dave Reyes to third Zi-jing Wang to second 3-1: Foul Ball, location: 2F 3-2: Foul Ball, location: 2F 3-2: Base on Balls
|
Batting: RHB Mike Cavagnaro
|
0-0: Called Strike 0-1: Ball 1-1: SINGLE (Groundball, 6M, EV 94.4 MPH) Dave Reyes scores Zi-jing Wang to third Ernie Genier to second
|
Batting: RHB Travis Campbell
|
0-0: Called Strike 0-1: SINGLE (Groundball, 56D, EV 96.2 MPH) Zi-jing Wang scores
|
Bottom of the 12th over - 3 runs, 3 hits, 0 errors, 2 left on base; Arkansas 5 - Portland 6 |
|